 Dungeon Crawl Stone Soup version 0.28-a0-802-g09f76e8c00 (webtiles) character file.

Game seed: 17219877617940999454

91 rogsnak the Digger (level 4, -2/35 HPs)
             Began as a Draconian Earth Elementalist on Nov 7, 2021.
             Slain by an ogre (9 damage)
             ... on level 3 of the Dungeon.
             The game lasted 00:04:34 (3908 turns).

rogsnak the Digger (Draconian Earth Elementalist)   Turns: 3908, Time: 00:04:34

Health: -2/35      AC:  6    Str: 10    XL:     4   Next: 34%
Magic:  0/7        EV: 12    Int: 17    God:
Gold:   65         SH:  0    Dex: 11    Spells: 3/7 levels left

rFire   . . .      SeeInvis .   n - +0 scimitar
rCold   . . .      Faith    .   (no shield)
rNeg    . . .      Spirit   .   (armour unavailable)
rPois   .          Reflect  .   (helmet restricted)
rElec   .          Harm     .   (no cloak)
rCorr   .          Rampage  .   h - +0 pair of gloves
Will    .....                   (no boots)
Stlth   ++........              (no amulet)
HPRegen 0.11/turn               (no ring)
MPRegen 0.10/turn               (no ring)

@: no status effects
A: AC +5, unfitting armour, cold-blooded
a: no special abilities


You were on level 3 of the Dungeon.
You visited 1 branch of the dungeon, and saw 3 of its levels.

You collected 65 gold pieces.

Inventory:

Hand Weapons
 a - a +0 short sword
 n - a +0 scimitar (weapon)
Missiles
 b - 43 stones
Armour
 h - a +0 pair of gloves (worn)
Jewellery
 d - an amulet of guardian spirit
Scrolls
 c - a scroll of magic mapping {unknown}
 e - 2 scrolls of enchant weapon {unknown}
 f - a scroll of blinking {unknown}
 i - 2 scrolls of fog {unknown}
 k - 2 scrolls of identify {unknown}
 l - a scroll of fear {unknown}
 m - 2 scrolls of teleportation {unknown}
 q - a scroll of immolation {unknown}
Potions
 g - a potion of curing {unknown}
 j - a potion of lignification {unknown}
 o - 3 potions of degeneration {unknown}
 p - 2 potions of heal wounds {unknown}


   Skills:
 + Level 1.0 Fighting
 + Level 2.4 Dodging
 - Level 2.0 Stealth
 + Level 2.4 Spellcasting
 * Level 0.8 Conjurations
 - Level 1.0 Transmutations
 + Level 4.0 Earth Magic


You had 3 spell levels left.
You knew the following spells:

 Your Spells              Type           Power      Damage    Failure   Level
a - Sandblast             Erth           30%        2d9       3%          1
b - Stone Arrow           Conj/Erth      20%        3d8       21%         3

Your spell library contained the following spells:

 Spells                   Type           Power      Damage    Failure   Level
 Passwall                 Tmut/Erth      8%         N/A       10%         2
 Petrify                  Tmut/Erth      10%        N/A       54%         4


Dungeon Overview and Level Annotations

Branches:
Dungeon (3/15)

Altars:

Annotations:
D:3 Grinder


Innate Abilities, Weirdness & Mutations

Your plain brown scales are hard. (AC +5)
You cannot fit into any form of body armour.
You are cold-blooded and may be slowed by cold attacks.


Message History

The ogre is moderately wounded.
The ogre hits you with a +0 giant spiked club.
Unknown command.
Casting: Sandblast (safe; 3% risk of failure)
Confirm with . or Enter, or press ? or * to list all spells.
Aiming: Sandblast (safe; 3% risk of failure)
Press: ? - help, Shift-Dir - straight line, f/p - ogre
Aim: an ogre, wielding a +0 giant spiked club (moderately wounded, 90% to hit)
The blast of sand hits the ogre.
The ogre is heavily wounded.
The ogre hits you with a +0 giant spiked club.
Unknown command.
Casting: Sandblast (safe; 3% risk of failure)
Confirm with . or Enter, or press ? or * to list all spells.
Aiming: Sandblast (safe; 3% risk of failure)
Press: ? - help, Shift-Dir - straight line, f/p - ogre
Aim: an ogre, wielding a +0 giant spiked club (heavily wounded, 90% to hit)
The blast of sand hits the ogre.
The ogre is severely wounded.
The ogre hits you with a +0 giant spiked club!
* * * LOW HITPOINT WARNING * * *
Casting: Sandblast (safe; 3% risk of failure)
Confirm with . or Enter, or press ? or * to list all spells.
Aiming: Sandblast (safe; 3% risk of failure)
Press: ? - help, Shift-Dir - straight line, f/p - ogre
Aim: an ogre, wielding a +0 giant spiked club (severely wounded, 90% to hit)
The blast of sand misses the ogre.
Unknown command.
Unknown command.
There is an open door here.
Your magical contamination has completely faded away.
Casting: Sandblast (safe; 3% risk of failure)
Confirm with . or Enter, or press ? or * to list all spells.
Aiming: Sandblast (safe; 3% risk of failure)
Press: ? - help, Shift-Dir - straight line, f/p - ogre
Aim: an ogre, wielding a +0 giant spiked club (severely wounded, 90% to hit)
The blast of sand hits the ogre.
The ogre is severely wounded.
The ogre hits you with a +0 giant spiked club!
You die...

#### #...
###############.##
#.......>.........
#.#############.## #.#
#.# #.# #.# #.# #.# #@#
#.## #O# #... ##.##
##... #...# ##....
##'## #####..... ♣$♣
#.........
♣...........♣#.###.....
♣...........♣#.# ##...[
♣..#######..♣#.# ##...


You could see an ogre.

Vanquished Creatures
  Robin (D:2)
  2 adders (D:2)
  A dart slug (D:3)
  8 orcs (D:3)
  9 ball pythons
  6 bats
  3 endoplasms
  A giant cockroach (D:1)
  10 goblins
  3 hobgoblins
  2 jackals
  2 frilled lizards (D:1)
  A kobold (D:1)
  2 rats
51 creatures vanquished.

Notes
Turn   | Place    | Note
-------+----------+-------------------------------------------
     0 | D:1      | rogsnak the Draconian Earth Elementalist began the quest
                  | for the Orb.
     0 | D:1      | Reached XP level 1. HP: 14/14 MP: 3/3
   662 | D:1      | Reached XP level 2. HP: 20/20 MP: 5/5
  1406 | D:2      | Reached XP level 3. HP: 17/27 MP: 1/6
  1560 | D:2      | Learned a level 3 spell: Stone Arrow
  1989 | D:2      | Found a faded altar of an unknown god.
  2106 | D:3      | Noticed Robin
  2310 | D:2      | Killed Robin
  2420 | D:3      | Reached skill level 4 in Earth Magic
  2616 | D:3      | Reached XP level 4. HP: 15/34 MP: 7/7
  2810 | D:3      | Reached skill level 1 in Fighting
  3194 | D:3      | Noticed Grinder
  3897 | D:3      | Noticed an ogre
  3908 | D:3      | Slain by an ogre

Illustrated notes

Levels and vault maps discovered:
D:1:      wander_arrival_fairy_ring, layout_loops_ring
D:2:      layout_loops_corners, hellmonk_ecumenical_altar_leap_of_faith,
          kennysheep_donut, minmay_stone_trees_small
D:3:      layout_loops_ring, minmay_misc_feat_columns, kennysheep_path_1,
          chequers_serial_rivers_micro_b, uniq_grinder, uniq_robin

Skill      XL: |  1  2  3  4 |
---------------+-------------+-----
Stealth        | 2 |  2.0
Dodging        | 2 |  2.4
Earth Magic    | 4 |  4.0
Fighting       | 1 |  1.0
Spellcasting   | |  2.4
Conjurations   | |  0.8
Transmutations | |  1.0

Action                   |  1- 3 |  4- 6 || total
-------------------------+-------+-------++-------
Melee: Short sword       |    56 |       ||    56
       Unarmed           |     8 |       ||     8
       Tailslap          |     9 |     4 ||    13
       Scimitar          |    45 |    61 ||   106
 Cast: Sandblast         |    12 |     8 ||    20
       Stone Arrow       |       |     1 ||     1
 Stab: Sleeping          |     5 |     1 ||     6
Armor: Skin              |    65 |    26 ||    91
Dodge: Dodged            |   106 |    65 ||   171

Table legend: (Time is in decaauts)
 A = Elapsed time spent in this place.
 B = Non-inter-level travel time spent in this place.
 C = Inter-level travel time spent in this place.
 D = Time resting spent in this place.
 E = Time spent auto-exploring this place.
 F = Levels seen in this place.
 G = Mean time per level.
                   A        B        C        D        E       F      G
               +--------+--------+--------+--------+--------+-----+--------+
         Total |   3972 |   3858 |    114 |   1067 |   2188 |   3 | 1324.0 |
       Dungeon |   3972 |   3858 |    114 |   1067 |   2188 |   3 | 1324.0 |
               +--------+--------+--------+--------+--------+-----+--------+

Top non-repeatable levels by time:
     D:2: 1628 daAuts
     D:3: 1401 daAuts
     D:1: 942 daAuts
